 Dungeon Crawl Stone Soup version 0.21.1-1-g345015f (webtiles) character file.

28 letownia2 the Poker (level 3, 0/27 HPs)
             Began as a Merfolk Skald on Mar 13, 2018.
             Slain by a worker ant (4 damage)
             ... on level 2 of the Dungeon.
             The game lasted 00:02:45 (471 turns).

letownia2 the Poker (Merfolk Skald)                  Turns: 471, Time: 00:02:46

Health: 0/27       AC:  3    Str: 11    XL:     3   Next: 14%
Magic:  1/6        EV: 12    Int: 13    God:
Gold:   68         SH:  0    Dex: 13    Spells: 1/6 levels left

rFire    + . .     SeeInvis .   a - +0 spear
rCold    + . .     Gourm    .   (no shield)
rNeg     . . .     Faith    .   b - +0 leather armour
rPois    +         Spirit   .   (no helmet)
rElec    +         Reflect  .   (no cloak)
rCorr    +         Harm     .   (no gloves)
MR       .....                  (no boots)
Stlth    +.........             (no amulet)
HPRegen  0.09/turn              (no ring)
MPRegen  0.10/turn              (no ring)

@: resistant, very slightly contaminated, invisible
A: change form in water, swift swim, stealthy swim
a: no special abilities


You were on level 2 of the Dungeon.
You were not hungry.

You visited 1 branch of the dungeon, and saw 3 of its levels.

You collected 68 gold pieces.

Inventory:

Hand Weapons
 a - a +0 spear (weapon)
Armour
 b - a +0 leather armour (worn)
Jewellery
 k - an uncursed ring of positive energy {unknown}
Scrolls
 e - a scroll of blinking {unknown}
 h - a scroll of remove curse {unknown}
 i - a scroll of random uselessness {unknown}
 j - a scroll of fear {unknown}
Books
 c - a book of Battle

   Spells                             Type                      Level
   a - Infusion                       Charms                       1
   b - Shroud of Golubria             Charms/Translocation         2
   c - Song of Slaying                Charms                       2
   d - Spectral Weapon                Hexes/Charms                 3
   e - Regeneration                   Charms/Necromancy            3
Comestibles
 d - a ration


   Skills:
 - Level 2.1 Fighting
 - Level 4.7 Polearms
 - Level 0.6 Armour
 - Level 2.6 Dodging
 - Level 2.0 Spellcasting
 - Level 3.2 Charms
 + Level 0.9 Translocations


You had one spell level left.
You knew the following spells:

 Your Spells              Type           Power        Failure   Level  Hunger
a - Infusion              Chrm           #...         9%          1    ##.....
l - Song of Slaying       Chrm           #.......     13%         2    ###....
t - Shroud of Golubria    Chrm/Tloc      #.........   22%         2    ###....


Dungeon Overview and Level Annotations

Branches:
Dungeon (3/15)

Altars:

Annotations:
D:1 1 runed door


Message History

Unknown command.
The rat bites you but does no damage.
You see here 17 sling bullets.
Unknown command.
Unknown command.
Attack whom?
Press: ? - help, Dir - move target cursor, f/p - worker ant
Aim: a worker ant (moderately wounded)
You hit the worker ant.
The worker ant is moderately wounded.
The worker ant closely misses you.
Unknown command.
It was a potion of resistance.
You feel protected.
Your shroud begins to fray at the edges.
The worker ant closely misses you. The worker ant misses you.
It was a potion of invisibility.
You fade into invisibility!
The worker ant bites you.
You die...

###.# ... ##. ..#..
#.# ... .....# #.# #
#.#... #.# #
#.#.#.###.# #
#.#....##.###########
#....................
#..###.##.###.#######
#...@ar.#.# #.# #.
##.####.#.# #.# #.
####......#.# #.. ..
.........(..#.# ###
........(#....##
.........#.....######
.........#...>.......
.........#.###.######
.........#.. .#


You could see a worker ant and a rat.

Vanquished Creatures
  An ooze (D:1)
  2 dart slugs
  A leopard gecko (D:1)
  A bat (D:3)
  2 giant cockroaches
  2 goblins
  4 hobgoblins
  A frilled lizard (D:1)
  2 kobolds
  A rat (D:1)
17 creatures vanquished.

Notes
Turn   | Place    | Note
-------+----------+-------------------------------------------
     0 | D:1      | letownia2 the Merfolk Skald began the quest for the Orb.
     0 | D:1      | Reached XP level 1. HP: 16/16 MP: 3/3
    21 | D:1      | Found a runed door.
   194 | D:1      | Reached skill level 4 in Polearms
   194 | D:1      | Reached XP level 2. HP: 11/22 MP: 3/5
   203 | D:1      | Learned a level 2 spell: Shroud of Golubria
   217 | D:1      | Learned a level 2 spell: Song of Slaying
   415 | D:3      | Reached XP level 3. HP: 20/27 MP: 3/6
   471 | D:2      | Slain by a worker ant

Skill      XL: |  1 |
---------------+----+-----
Polearms       | 4 |  4.7
Fighting       | |  2.1
Armour         | |  0.6
Dodging        | |  2.6
Spellcasting   | |  2.0
Charms         | |  3.2
Translocations | |  0.9

Action                   || total
-------------------------++-------
Melee: Spear             ||    94
Throw: Javelin           ||     3
 Cast: Infusion          ||     3
       Shroud of Golubri ||     5
       Song of Slaying   ||     2
  Use: Potion            ||     2
 Stab: Sleeping          ||     1
Armor: Leather armour    ||    15
Dodge: Dodged            ||    65
